 Dungeon Crawl Stone Soup version 0.31-a0-331-geda263fcf1 (webtiles) character file.

Game seed: 7775993900011313938

603 mopl the Insei (level 7, 0/46 HPs)
             Began as an Octopode Shapeshifter on July 19, 2023.
             Was a Believer of Uskayaw.
             Slain by a gnoll
             ... wielding a +0 spear
             ... led by a gnoll bouda
              (2 damage)
             ... on level 6 of the Dungeon.
             The game lasted 00:04:13 (3452 turns).

mopl the Insei (Octopode Shapeshifter)              Turns: 3452, Time: 00:04:14

Health: 0/46       AC:  1    Str: 14    XL:     7   Next: 42%
Magic:  8/8        EV: 14    Int: 10    God:    Uskayaw [**....]
Gold:   145        SH:  5    Dex: 15    Spells: 6/6 levels left

rFire   . .          .
                       - Unarmed
rCold   . . .        (no shield)
rNeg    . . .        (helmet currently unavailable)
rPois   .            x - amulet of reflection
rElec   .            (no ring)
rCorr   .            (no ring)
SInv    .            (no ring)
Will    .....        (no ring)
Stlth   ++           (no ring)
HPRegen 0.27/turn    (no ring)
MPRegen 0.11/turn    (no ring)
                     (no ring)

%: reflection
@: beast-form
A: beast (slay +3), almost no armour, amphibious, 8 rings, camouflage 1,
gelatinous body 1, (nimble swimmer 1), tentacles
a: Begin Untransformation, Renounce Religion, Stomp, Line Pass


You were on level 6 of the Dungeon.
You worshipped Uskayaw.
Uskayaw was noncommittal.
You were a hulking beast.
You visited 2 branches of the dungeon, and saw 7 of its levels.

You collected 254 gold pieces.
You spent 109 gold pieces at shops.

Inventory:

Missiles
 j - 4 silver javelins
 q - 7 poisoned darts (quivered)
 A - a boomerang
Jewellery
 k - a ring of ice
 x - an amulet of reflection (around mantle)
Talismans
 b - a beast talisman
Wands
 y - a wand of quicksilver (6)
 z - a wand of flame (25)
Scrolls
 c - a scroll of immolation {unknown}
 g - 3 scrolls of identify {unknown}
 i - a scroll of silence {unknown}
 l - a scroll of poison {unknown}
 m - 3 scrolls of revelation {unknown}
 p - a scroll of fog {unknown}
 t - 2 scrolls of vulnerability {unknown}
 u - a scroll of fear {unknown}
 v - a scroll of brand weapon {unknown}
 w - a scroll of amnesia {unknown}
Potions
 a - 2 potions of lignification {!q}
 d - 4 potions of curing {unknown}
 e - 2 potions of cancellation {unknown}
 f - a potion of heal wounds {unknown}
 h - a potion of haste {unknown}
 n - a potion of berserk rage {unknown}
 o - 2 potions of mutation {unknown}
 r - a potion of might {unknown}
 s - a potion of magic {unknown}


   Skills:
 + Level 3.5 Fighting
 + Level 3.6 Dodging
 * Level 4.7 Unarmed Combat
 + Level 1.7 Invocations
 * Level 4.6 Shapeshifting


You had 6 spell levels left.
You didn't know any spells.
Your spell library contained the following spells:

 Spells                   Type           Power      Damage    Failure   Level
 Kiss of Death            Conj/Necr      0%         2d5       36%         1
 Lesser Beckoning         Tloc           0%         N/A       50%         2
 Confusing Touch          Hex            0%         N/A       75%         3
 Gell's Gravitas          Tloc           0%         N/A       75%         3
 Teleport Other           Tloc           0%         N/A       75%         3
 Dispel Undead            Necr           0%         3d6       98%         4


Dungeon Overview and Level Annotations

Branches:
Dungeon (6/15)             Temple (1/1) D:4

Altars:
Ashenzari
Cheibriados
Dithmenos
Elyvilon
Gozag
Hepliaklqana
Makhleb
Nemelex Xobeh
Okawaru
Qazlal
Ru
Sif Muna
Trog
Uskayaw
Vehumet
Wu Jian
Yredelemnul
Zin
The Shining One

Shops:
D:3 *

Annotations:
D:1 fly


Innate Abilities, Weirdness & Mutations

You are a hulking beast.
Your limbs bulge with bestial killing power. (Slay +3)
You cannot wear most types of armour.
You are amphibious.
You can wear up to eight rings at the same time.
Your skin changes colour to match your surroundings (Stealth+).
Your rubbery body absorbs attacks. (AC +1, EV +1)
((You are camouflaged when in or above water. (Stealth+)))
You have tentacles for arms and can constrict up to eight enemies at once.


Message History

A gnoll comes into view. It is wielding a +0 spear.
The gnoll shouts! x2; The gnoll bouda shouts!
A gnoll comes into view. It is wielding a +0 spear.
The gnoll shouts!
The gnoll shouts!
You tentacle-slap the gnoll bouda. Your grab misses the gnoll bouda.
You squeeze the gnoll bouda.
The gnoll bouda is moderately wounded.
You tentacle-slap the gnoll bouda. Your grab misses the gnoll bouda.
The gnoll bouda is moderately wounded.
The gnoll bouda closely misses you.
You bludgeon the gnoll bouda! Your grab misses the gnoll bouda.
The gnoll bouda is severely wounded.
The gnoll bouda hits you with a +0 club.
You can now pass through a line of other dancers.
You barely miss the gnoll bouda. Your grab misses the gnoll bouda.
The gnoll bouda is severely wounded.
The gnoll bouda utters an invocation to its god.
The gnoll bouda is healed somewhat.
You closely miss the gnoll bouda. Your grab misses the gnoll bouda.
The gnoll bouda is heavily wounded.
The gnoll misses you.
The gnoll bouda barks out a call to the hunt!
The gnolls pick up the pace!
You tentacle-slap the gnoll bouda. You grab the gnoll bouda.
You squeeze the gnoll bouda!
You kill the gnoll bouda!
You block the gnoll's attack. The gnoll completely misses you.
The gnoll hits you from afar with a +0 spear!
The gnoll hits you from afar with a +0 spear!
The gnoll hits you from afar with a +0 halberd!
The gnoll hits you with a +0 spear.
The gnoll hits you from afar with a +0 spear.
* * * LOW HITPOINT WARNING * * *
You block the gnoll's attack.
The gnoll hits you from afar with a +0 halberd!
* * * LOW HITPOINT WARNING * * *
There is a stone staircase leading up here.
The gnoll hits you from afar with a +0 spear.
You die...

....
##..........#
...##
#.....#.....#
...#
#....###......
#.###...##
#...###
#..#...##
#..##
#.......# #..#
###)...##...#
..# #..g.g.#
##....
......#h.g.#
.... ##...
###g..... ...
##. ##..... ..
# #..### #..#
..#


You could see 4 gnolls.

Vanquished Creatures
  Edmund (D:6)
  An ogre (D:5)
  A hound (D:4)
  A gnoll bouda (D:6)
  A jelly (D:5)
  An orc priest (D:6)
  A sleepcap (D:6)
  An iguana (D:4)
  Natasha (twice) (D:4)
  An orc wizard (D:5)
  5 adders
  A shadow imp (D:5)
  2 worms
  3 dart slugs
  14 orcs
  4 ball pythons
  7 endoplasms
  4 giant cockroaches
  7 goblins
  8 hobgoblins
  5 jackals
  6 kobolds
  2 quokkas (D:2)
  6 bats
  3 frilled lizards (D:2)
  10 rats
98 creatures vanquished.

Notes
Turn   | Place    | Note
-------+----------+-------------------------------------------
     0 | D:1      | mopl the Octopode Shapeshifter began the quest for the Orb.
     0 | D:1      | Reached XP level 1. HP: 14/14 MP: 1/1
   108 | D:1      | Reached XP level 2. HP: 18/19 MP: 2/2
   442 | D:1      | Reached XP level 3. HP: 24/24 MP: 3/3
  1353 | D:3      | Reached XP level 4. HP: 30/30 MP: 4/4
  1372 | D:3      | Reached skill level 3 in Unarmed Combat
  1787 | D:3      | Found a radiant altar of Vehumet.
  1882 | D:3      | Found Egiaw's Assorted Antiques.
  1886 | D:3      | Bought a grey potion for 20 gold pieces
  1886 | D:3      | Bought a fizzy brown potion for 20 gold pieces
  1886 | D:3      | Bought a scroll labelled LIDABA IFRE for 23 gold pieces
  1886 | D:3      | Bought a scroll labelled LIDABA IFRE for 23 gold pieces
  1886 | D:3      | Bought a scroll labelled MUOKIW WUIMIENTIZ for 23 gold
                  | pieces
  2234 | D:4      | Reached XP level 5. HP: 33/35 MP: 5/5
  2242 | D:4      | Found a staircase to the Ecumenical Temple.
  2260 | Temple   | Entered the Ecumenical Temple
  2267 | Temple   | Became a worshipper of Uskayaw the Reveller
  2327 | D:4      | Noticed Natasha
  2332 | D:4      | Reached * piety under Uskayaw
  2333 | D:4      | Killed Natasha
  2333 | D:4      | Reached ** piety under Uskayaw
  2343 | D:4      | Noticed Natasha
  2348 | D:4      | Killed Natasha
  2367 | D:4      | Reached skill level 3 in Fighting
  2367 | D:4      | Reached skill level 3 in Dodging
  2367 | D:4      | Reached skill level 4 in Shapeshifting
  2367 | D:4      | Reached XP level 6. HP: 34/42 MP: 6/6
  2637 | D:5      | Entered Level 5 of the Dungeon
  2649 | D:5      | Reached *** piety under Uskayaw
  2652 | D:5      | Reached skill level 4 in Unarmed Combat
  2828 | D:5      | Reached skill level 1 in Invocations
  3037 | D:6      | Noticed Edmund
  3049 | D:6      | Killed Edmund
  3050 | D:6      | Reached XP level 7. HP: 21/46 MP: 6/8
  3451 | D:6      | HP: 2/46 [gnoll/+0 halberd[a gnoll bouda] (10)]
  3452 | D:6      | Slain by a gnoll

Illustrated notes

Levels and vault maps discovered:
D:1:      dpeg_arrival_brainrot, layout_loops_ring
D:2:      kennysheep_big_flooded_room, layout_rooms,
          nicolae_elevator_lobby_asterisk
D:3:      layout_basic, lemuel_doored_altar, serial_shops,
          nicolae_shop_back_alley_shop, hangedman_decor_points,
          minmay_misc_feat_secret_circle
D:4:      layout_rooms, minmay_temple_entry_crystal_x,
          chequers_serial_rivers_micro_d, uniq_natasha
D:5:      layout_gridville, kennysheep_nondescript
D:6:      layout_layer_cave, uniq_edmund
Temple:   hc_temple_tempest_star

Skill      XL: |  1  2  3  4  5  6 |
---------------+-------------------+-----
Unarmed Combat | 3 4 |  4.7
Fighting       | 3 |  3.5
Dodging        | 3 |  3.6
Shapeshifting  | 4 |  4.6
Invocations    | 1 |  1.7

Action                     |  1- 3 |  4- 6 |  7- 9 || total
---------------------------+-------+-------+-------++-------
  Melee: Unarmed           |    75 |   110 |    22 ||   207
         Constrict         |    15 |    29 |     5 ||    49
         Tentacles         |    10 |    16 |     7 ||    33
         Punch             |     1 |     2 |       ||     3
  Throw: Dart              |       |     7 |       ||     7
   Stab: Sleeping          |    11 |     6 |     1 ||    18
         Paralysed         |       |     2 |     2 ||     4
 Armour: Skin              |     8 |     2 |       ||    10
  Dodge: Dodged            |    30 |    58 |     9 ||    97
  Block: Other             |       |     1 |     3 ||     4

Table legend: (Time is in decaauts)
 A = Elapsed time spent in this place.
 B = Non-inter-level travel time spent in this place.
 C = Inter-level travel time spent in this place.
 D = Time resting spent in this place.
 E = Time spent auto-exploring this place.
 F = Levels seen in this place.
 G = Mean time per level.
                   A        B        C        D        E       F      G
               +--------+--------+--------+--------+--------+-----+--------+
         Total |   3440 |   3341 |     99 |    661 |   2063 |   7 |  491.4 |
       Dungeon |   3425 |   3334 |     91 |    661 |   2063 |   6 |  570.8 |
        Temple |     14 |      7 |      7 |      0 |      0 |   1 |   14.0 |
               +--------+--------+--------+--------+--------+-----+--------+

Top non-repeatable levels by time:
     D:3: 862 daAuts
     D:1: 711 daAuts
     D:2: 633 daAuts
     D:5: 603 daAuts
     D:4: 405 daAuts
     D:6: 209 daAuts
  Temple: 14 daAuts
